 Dungeon Crawl Stone Soup version 0.27.0-1-g7a089689b8 (webtiles) character file.

Game seed: 4804413969321278089

7 gbaromhunter the Stinger (level 2, -2/33 HPs)
             Began as a Naga Venom Mage on Aug 12, 2021.
             Slain by a jackal (3 damage)
             ... on level 1 of the Dungeon.
             The game lasted 00:02:09 (127 turns).

gbaromhunter the Stinger (Naga Venom Mage)           Turns: 127, Time: 00:02:10

Health: -2/33      AC:  1    Str: 10    XL:     2   Next: 0%
Magic:  1/5        EV: 10    Int: 15    God:
Gold:   0          SH:  0    Dex: 11    Spells: 4/5 levels left

rFire    . . .     SeeInvis +   b - +0 dagger
rCold    . . .     Faith    .   (no shield)
rNeg     . . .     Spirit   .   a - +0 robe
rPois    +         Reflect  .   (no helmet)
rElec    .         Harm     .   (no cloak)
rCorr    .         Rampage  .   (no gloves)
Will     .....                  (no barding)
Stlth    ..........             (no amulet)
HPRegen  0.11/turn              (no ring)
MPRegen  0.09/turn              (no ring)

@: berserking, quick
A: AC +0, large, see invisible, deformed body, poison resistance, slowness 2,
spit poison 1, naga tail 1
a: Spit Poison


You were on level 1 of the Dungeon.
You visited 1 branch of the dungeon, and saw 1 of its levels.

Inventory:

Hand Weapons
 b - a +0 dagger (weapon)
Armour
 a - a +0 robe (worn)


   Skills:
 + Level 1.8 Dodging
 + Level 3.0 Stealth
 + Level 2.1 Spellcasting
 + Level 1.0 Transmutations
 + Level 4.1 Poison Magic


You had 4 spell levels left.
You knew the following spells:

 Your Spells              Type           Power      Damage    Failure   Level
a - Sting                 Tmut/Pois      36%        1d4       8%          1

Your spell library contained the following spells:

 Spells                   Type           Power      Damage    Failure   Level
 Poisonous Vapours        Pois/Air       14%        N/A       14%         2
 Mephitic Cloud           Conj/Pois/Air  5%         N/A       36%         3
 Olgreb's Toxic Radiance  Pois           14%        N/A       36%         4


Dungeon Overview and Level Annotations

Branches:
Dungeon (1/15)

Altars:


Innate Abilities, Weirdness & Mutations

Your serpentine skin is tough. (AC +0)
You have supernaturally acute eyesight. (SInv)
Armour fits poorly on your strangely shaped body.
Your system is resistant to poisons. (rPois)
You cover ground very slowly.
You can spit poison.
You have a snake-like lower body.


Message History

Aim: a jackal (60% to hit)
The sting hits the jackal.
The jackal is poisoned.
The jackal is heavily wounded.
The jackal barely misses you.
The jackal bites you but does no damage.
The jackal bites you.
* * * LOW HITPOINT WARNING * * *
The jackal bites you.
* * * LOW HITPOINT WARNING * * *
You kill the jackal!
You have reached level 2! 2 jackals come into view.
The jackal barks!
You hear a bark!
A hobgoblin comes into view.
The rat twitches its whiskers.
The jackal moves out of view.
Found 8 stones.
It was a potion of berserk rage.
A red film seems to cover your vision as you go berserk!
You feel yourself moving faster!
You feel mighty!
A kobold comes into view. It is wielding a +0 short sword.
The rat bites you.
* * * LOW HITPOINT WARNING * * *
You closely miss the rat.
The kobold shouts!
A hobgoblin comes into view.
You closely miss the rat.
The hobgoblin shouts!
The rat bites you but does no damage.
You barely miss the rat. The jackal bites you.
* * * LOW HITPOINT WARNING * * *
A frilled lizard comes into view.
The rat bites you.
* * * LOW HITPOINT WARNING * * *
The frilled lizard hisses angrily.
You puncture the rat!
You kill the rat!
A jackal comes into view.
The jackal bites you.
You die...

#..#######.##
#.#>.:"#.##
.... #.#
#.######.#
#.## #.#
#<.......# #
#.#
##########
#†# ##.##
#...# ##.##
#@# l....(hh#
.g..g####
..h. ..# .


You could see 3 jackals, 2 hobgoblins and a frilled lizard.

Vanquished Creatures
  A goblin (D:1)
  3 jackals (D:1)
  A kobold (D:1)
  A rat (D:1)
6 creatures vanquished.

Notes
Turn   | Place    | Note
-------+----------+-------------------------------------------
     0 | D:1      | gbaromhunter the Naga Venom Mage began the quest for the
                  | Orb.
     0 | D:1      | Reached XP level 1. HP: 15/15 MP: 3/3
   121 | D:1      | Reached XP level 2. HP: 3/22 MP: 0/5
   126 | D:1      | HP: 1/33 [rat (1)]
   127 | D:1      | Slain by a jackal

Illustrated notes

Levels and vault maps discovered:
D:1:      evilmike_arrival_come_back, layout_loops_ring,
          chequers_ecumenical_altar_island

Action                   || total
-------------------------++-------
Melee: Dagger            ||     4
 Cast: Sting             ||     8
  Use: Potion            ||     1
Armor: Robe              ||     3
Dodge: Dodged            ||     4
